 Seeded DCSS version 0.29.1-4-g47bece8355 (webtiles) character file.

Game seed: 11464931942491642366 (custom seed)

99 GigaChad the Trooper (level 4, -5/41 HPs)
             Began as a Minotaur Fighter on Dec 5, 2022.
             Slain by an ogre
             ... wielding a +0 giant club
              (26 damage)
             ... on level 5 of the Dungeon.
             The game lasted 00:03:26 (1990 turns).

GigaChad the Trooper (Minotaur Fighter)             Turns: 1990, Time: 00:03:26

Health: -5/41      AC: 10    Str: 22    XL:     4   Next: 45%
Magic:  3/3        EV:  7    Int:  5    God:
Gold:   60         SH:  4    Dex: 10    Spells: 3/3 levels left

rFire   . . .      SeeInvis .   o - +6 shillelagh "Devastator" {shatter}
rCold   . . .      Faith    .   c - +0 buckler
rNeg    . . .      Spirit   .   q - +0 chain mail
rPois   .          Reflect  .   (helmet restricted)
rElec   .          Harm     .   k - +0 cloak
rCorr   .          Rampage  .   (no gloves)
Will    .....                   (no boots)
Stlth   ..........              (no amulet)
HPRegen 0.13/turn               (no ring)
MPRegen 0.08/turn               (no ring)

@: no status effects
A: horns 2, retaliatory headbutt
a: no special abilities


You were on level 5 of the Dungeon.
You visited 1 branch of the dungeon, and saw 5 of its levels.

You collected 60 gold pieces.

Inventory:

Hand Weapons
 a - a +0 war axe
 o - the +6 shillelagh "Devastator" (weapon) {shatter}
   (You found it on level 2 of the Dungeon)

   It releases a powerful concussive burst when it strikes, dealing extra damage
   to the target and all other foes adjacent to them.
Armour
 b - a +0 scale mail
 c - a +0 buckler (worn)
 k - a +0 cloak (worn)
 q - a +0 chain mail (worn)
Scrolls
 f - a scroll of torment {unknown}
 h - 6 scrolls of teleportation
 i - a scroll of amnesia {unknown}
 l - a scroll of identify {unknown}
 p - a scroll of fog {unknown}
Potions
 d - a potion of might
 e - 2 potions of invisibility {unknown}
 g - a potion of heal wounds {unknown}
 j - 2 potions of curing {unknown}
 m - a potion of mutation {unknown}
 n - a potion of attraction {unknown}


   Skills:
 + Level 4.5 Fighting
 - Level 3.3(3.5) Axes
 * Level 1.2(2.4) Maces & Flails
 + Level 4.2 Armour
 + Level 0.6 Dodging
 * Level 4.3 Shields


You had 3 spell levels left.
You didn't know any spells.
Your spell library was empty.

Dungeon Overview and Level Annotations

Branches:
Dungeon (6/15)
 Temple: D:4-7

Altars:

Shops:
D:1 [=


Innate Abilities, Weirdness & Mutations

You have a pair of horns on your head.
You reflexively headbutt those who attack you in melee.


Message History

Found a scroll of teleportation.
Found a crooked jewelled staff.
h - 6 scrolls of teleportation (gained 1)
Found a glowing dagger.
You see here a staff of air.
Found a stone staircase leading up.
You see here a +2 dagger of venom.
There is a stone staircase leading up here.
You climb upwards.
The adder hisses angrily.
Found a stone staircase leading up.
There is a stone staircase leading down here.
The adder bites you.
You are poisoned.
The adder poisons you!
An ogre comes into view. It is wielding a +0 giant club.
Found a scroll labelled ALUSEY DYNLELUUH and an inky potion.
Found a stone staircase leading up.
You feel sick.
The ogre shouts!
The adder bites you but does no damage.
You thump the adder!
The adder shudders.
You kill the adder!
You feel sick.
Found a scroll labelled FUBBUOSK OFARPH.
You feel sick.
You see here an adder corpse.
Found 3 gold pieces.
You feel sick.
A howler monkey comes into view.
Found a rapier.
You feel sick.
You are no longer poisoned.
The howler monkey howls!
The ogre attacks as you move away! The ogre hits you with a +0 giant club.
The ogre barely misses you. You furiously retaliate!
You headbutt the ogre! The ogre hits you with a +0 giant club.
You hit the ogre.
The ogre shudders.
The ogre is almost dead. x2
The howler monkey hoots and howls with incredible vigour!
The ogre hits you with a +0 giant club!!
Ouch! That really hurt!
You die...

.............#..
.....#............
..................
..................
..................
.................<
.$....h#..># ...
.......#†..#.....
.......@.......<.
#......O##......?
#................
.................
.?........#......
..........#......
..........)...!..
.................


You could see an ogre and a howler monkey (catching breath).

Vanquished Creatures
  5 adders
  A worm (D:2)
  A dart slug (D:2)
  6 ball pythons
  4 bats
  3 endoplasms (D:2)
  2 giant cockroaches
  3 goblins
  3 hobgoblins
  7 jackals (D:1)
  3 quokkas
  2 kobolds (D:1)
  6 rats
46 creatures vanquished.

Vanquished Creatures (others)
  3 plants (D:2)
3 creatures vanquished.

Grand Total: 49 creatures vanquished

Notes
Turn   | Place    | Note
-------+----------+-------------------------------------------
     0 | D:1      | GigaChad the Minotaur Fighter began the quest for the Orb.
     0 | D:1      | Reached XP level 1. HP: 19/19 MP: 0/0
    79 | D:1      | Reached XP level 2. HP: 18/27 MP: 1/1
   351 | D:1      | Found Ramaudgh's Armour Emporium.
   526 | D:1      | Found Huting's One-of-a-Kind Rings.
   797 | D:2      | Reached XP level 3. HP: 26/33 MP: 2/2
  1151 | D:2      | Found the +6 shillelagh "Devastator" {shatter}
  1436 | D:2      | Reached XP level 4. HP: 41/41 MP: 3/3
  1508 | D:2      | Found a faded altar of an unknown god.
  1932 | D:3      | Reached skill level 1 in Maces & Flails
  1932 | D:3      | You fall into a shaft and drop 3 floors!
  1979 | D:5      | Entered Level 5 of the Dungeon
  1981 | D:5      | Noticed an ogre
  1990 | D:5      | Slain by an ogre

Illustrated notes

Levels and vault maps discovered:
D:1:      amcnicky_arrival_choice, layout_basic, serial_shops,
          nicolae_shop_behind_doors, nicolae_shop_unique_rings,
          minmay_misc_feat_secret_circle
D:2:      layout_basic, basic_ecumenical_altar, corexii_shack,
          minmay_pentomino_r4
D:3:      layout_loops_ring, amcnicky_altar_gilded, kennysheep_generic_room_10,
          uniq_natasha
D:5:      layout_cave_pools, grunt_temple_overflow_order_and_chaos_1,
          mainiacjoe_overflow_chevrons, minmay_temple_entry_poolview,
          uniq_sigmund, uniq_menkaure
D:6:      wander_river, layout_basic

Skill      XL: |  1  2  3  4 |
---------------+-------------+-----
Shields        | 4 |  4.3
Fighting       | 4 |  4.5
Armour         | 4 |  4.2
Axes           | 3 |  3.3
Maces & Flails | 1 |  1.2
Dodging        | |  0.6

Action                   |  1- 3 |  4- 6 || total
-------------------------+-------+-------++-------
Melee: War axe           |    58 |       ||    58
       Headbutt          |     6 |       ||     6
       Shillelagh        |     3 |    11 ||    14
  Use: Scroll            |       |     1 ||     1
Armor: Scale mail        |    43 |     2 ||    45
       Chain mail        |       |     2 ||     2
Dodge: Dodged            |    58 |     4 ||    62
Block: Buckler           |    17 |     1 ||    18
